 Dungeon Crawl Stone Soup version 0.29.1-1-gd02db6906a (webtiles) character file.

Game seed: 16676982959192565078

912 Kaiern the Skirmisher (level 7, -7/38 HPs)
             Began as a Deep Elf Hunter on Oct 16, 2022.
             Was a Follower of Hepliaklqana.
             Mangled by an orc warrior
             ... wielding a +0 long sword
              (17 damage)
             ... on level 6 of the Dungeon.
             The game lasted 00:14:42 (5527 turns).

Kaiern the Skirmisher (Deep Elf Hunter)             Turns: 5527, Time: 00:14:42

Health: -7/38      AC:  4    Str:  8    XL:     7   Next: 82%
Magic:  9/9        EV: 15    Int: 14    God:    Hepliaklqana [*.....]
Gold:   210        SH:  0    Dex: 20    Spells: 6/6 levels left

rFire   . . .      SeeInvis .   a - +0 shortbow
rCold   + . .      Faith    .   (shield currently unavailable)
rNeg    . . .      Spirit   .   c - +0 leather armour
rPois   .          Reflect  .   h - +0 helmet
rElec   .          Harm     .   (no cloak)
rCorr   .          Rampage  .   (no gloves)
Will    .....                   (no boots)
Stlth   +++.......              (no amulet)
HPRegen 0.12/turn               n - ring of protection from cold
MPRegen 0.11/turn               (no ring)

@: no status effects
A: reduced essence
a: Renounce Religion, Recall Ancestor, Ancestor Identity


You were on level 6 of the Dungeon.
You worshipped Hepliaklqana.
Hepliaklqana was aware of your devotion.
You visited 2 branches of the dungeon, and saw 9 of its levels.

You collected 210 gold pieces.

Inventory:

Hand Weapons
 a - a +0 shortbow (weapon)
Armour
 c - a +0 leather armour (worn)
 h - a +0 helmet (worn)
Jewellery
 n - a ring of protection from cold (left hand)
 o - a ring of ice
Scrolls
 b - 2 scrolls of immolation
Potions
 d - 2 potions of curing {unknown}
 e - a potion of mutation
 g - a potion of might {unknown}
 j - 3 potions of brilliance
 k - a potion of haste {unknown}
 l - 2 potions of cancellation


   Skills:
 + Level 4.0 Fighting
 + Level 8.0 Ranged Weapons
 + Level 5.7 Dodging
 + Level 5.8 Stealth


You had 6 spell levels left.
You didn't know any spells.
Your spell library contained the following spells:

 Spells                   Type           Power      Damage    Failure   Level
 Apportation              Tloc           0%         N/A       38%         1
 Necrotise                Necr           0%         1d4       38%         1
 Summon Small Mammal      Summ           0%         N/A       38%         1


Dungeon Overview and Level Annotations

Branches:
Dungeon (8/15)             Temple (1/1) D:4
   Lair: D:8-11

Altars:
Cheibriados
Elyvilon
Fedhas
Gozag
Hepliaklqana
Makhleb
Okawaru
Qazlal
Ru
Trog
Uskayaw
Wu Jian
Yredelemnul
Zin

Shops:
D:1 =[=***

Annotations:
D:4 3 runed translucent doors, po7itron's ghost, novice OpCj


Message History

Press: ? - help, Q - select action, (/) - cycle Shift-Dir - straight line, f/p - orc warrior
Aim: an orc warrior, wielding a +0 long sword and wearing a +0 plate armour (severely wounded, 68% to hit)
You shoot an arrow. The arrow hits the orc warrior.
The orc warrior is severely wounded.
The orc warrior hits you with a +0 long sword!
An orc wizard comes into view.
It is wielding a +1 dagger of holy wrath.
Fire: a) +0 shortbow
Press: ? - help, Q - select action, (/) - cycle Shift-Dir - straight line, f/p - orc warrior
Aim: an orc warrior, wielding a +0 long sword and wearing a +0 plate armour (severely wounded, 68% to hit)
You shoot an arrow.
The arrow closely misses the orc warrior.
The arrow hits the orc.
The orc is heavily wounded.
The orc warrior barely misses you.
Fire: a) +0 shortbow
Press: ? - help, Q - select action, (/) - cycle Shift-Dir - straight line, f/p - orc warrior
Aim: an orc warrior, wielding a +0 long sword and wearing a +0 plate armour (severely wounded, 68% to hit)
You shoot an arrow.
The arrow hits the orc warrior but does no damage.
The orc warrior is severely wounded.
You hear a shout!
The orc warrior hits you with a +0 long sword!
* * * LOW HITPOINT WARNING * * *
Okay, then.
Okay, then.
You aren't carrying any items that you can evoke.
Fire: a) +0 shortbow
Press: ? - help, Q - select action, (/) - cycle Shift-Dir - straight line, f/p - orc warrior
Aim: an orc warrior, wielding a +0 long sword and wearing a +0 plate armour (severely wounded, 68% to hit)
You shoot an arrow. The arrow hits the orc warrior.
The orc warrior is severely wounded.
The orc warrior misses you.
Fire: a) +0 shortbow
Press: ? - help, Q - select action, (/) - cycle Shift-Dir - straight line, f/p - orc warrior
Aim: an orc warrior, wielding a +0 long sword and wearing a +0 plate armour (severely wounded, 68% to hit)
You shoot an arrow.
The arrow hits the orc warrior but does no damage.
The orc warrior is severely wounded.
The orc warrior hits you with a +0 long sword!
You die...

#.#..#..#.###.##....#
###.#..#..#.# #.####..#
#...........###.......#
#.#..#.#........####.##
#.#...........>.# #
#.............#
#..#..........#
##..####.......#
####.##....oo@.......#
.....)..#.#o##.......#
.#.####)..#o##########
#.###.. #.. ..## #)#
#.# #.. ... >.# #.# ###
#..


You could see an orc warrior, an orc wizard and an orc.

Vanquished Creatures
  Grinder (D:3)
  A centaur (D:4)
  A scorpion (D:4)
  3 wights (D:7)
  A jelly (D:4)
  2 orc priests
  2 hounds (D:4)
  Robin (D:3)
  4 adders
  5 gnolls (D:4)
  A worm (D:3)
  3 dart slugs
  15 orcs
  6 bats
  9 endoplasms
  2 giant cockroaches
  14 goblins
  5 hobgoblins
  3 jackals (D:3)
  3 quokkas
  4 ball pythons (D:2)
  2 frilled lizards (D:2)
  5 kobolds
  5 rats
98 creatures vanquished.

Vanquished Creatures (collateral kills)
  3 orc wizards (D:6)
  2 orcs (D:6)
5 creatures vanquished.

Vanquished Creatures (others)
  2 ancestors
  9 fungi (D:4)
11 creatures vanquished.

Grand Total: 114 creatures vanquished

Notes
Turn   | Place    | Note
-------+----------+-------------------------------------------
     0 | D:1      | Kaiern the Deep Elf Hunter began the quest for the Orb.
     0 | D:1      | Reached XP level 1. HP: 12/12 MP: 3/3
   181 | D:1      | Found Kyube's Assorted Antiques.
   275 | D:1      | Found Udeanigy's General Store.
   383 | D:1      | Found Kuesch's Antique Armour Shop.
   410 | D:1      | Found Ahiod's One-of-a-Kind Rings.
   426 | D:1      | Found Fempeaw's General Store.
   469 | D:1      | Found Isywaim's Jewellery Emporium.
   593 | D:1      | Reached XP level 2. HP: 17/17 MP: 4/4
  1275 | D:2      | Reached XP level 3. HP: 21/21 MP: 5/5
  1771 | D:3      | Noticed Robin
  1781 | D:3      | Killed Robin
  1788 | D:3      | HP: 1/21 [goblin/+0 club[Robin] (2)]
  2111 | D:3      | Noticed Grinder
  2115 | D:3      | Paralysed by Grinder for 5 turns
  2127 | D:3      | Killed Grinder
  2128 | D:3      | Reached skill level 6 in Ranged Weapons
  2128 | D:3      | Reached XP level 4. HP: 27/27 MP: 6/6
  2128 | D:3      | Reached XP level 5. HP: 32/32 MP: 7/7
  2333 | D:3      | Reached XP level 6. HP: 32/36 MP: 8/8
  3185 | D:4      | Found a staircase to the Ecumenical Temple.
  3199 | Temple   | Entered the Ecumenical Temple
  3365 | Temple   | Became a worshipper of Hepliaklqana the Forgotten
  3674 | D:4      | Reached skill level 7 in Ranged Weapons
  4224 | D:4      | Found a runed translucent gate.
  4224 | D:4      | Found a runed translucent gate.
  4227 | D:4      | Found a runed translucent gate.
  4227 | D:4      | Noticed po7itron's ghost (novice OpCj)
  4249 | D:4      | Reached XP level 7. HP: 30/41 MP: 9/9
  4645 | D:4      | Found a snail-covered altar of Cheibriados.
  4662 | D:4      | Reached skill level 5 in Dodging
  4662 | D:4      | Reached skill level 5 in Stealth
  4806 | D:4      | Found a blossoming altar of Fedhas.
  4903 | D:5      | Entered Level 5 of the Dungeon
  4957 | D:5      | You fall into a shaft and drop 3 floors!
  4966 | D:8      | Noticed a yak
  4966 | D:8      | Noticed a yak
  5039 | D:8      | Reached * piety under Hepliaklqana
  5113 | D:7      | Noticed a steam dragon
  5509 | D:6      | Reached skill level 8 in Ranged Weapons
  5527 | D:6      | Mangled by an orc warrior

Illustrated notes

Levels and vault maps discovered:
D:1:      minmay_arrival_semitransparent, layout_basic, serial_shops, shop,
          nicolae_shop_behind_doors, shop, nicolae_shop_overgrown_old_shop,
          nicolae_lakefront_shop, minivault_25, minmay_misc_feat_ornament,
          nicolae_shop_unique_rings
D:2:      layout_basic
D:3:      layout_loops_cross, kennysheep_cross_room, uniq_robin, uniq_grinder
D:4:      layout_loops_ring, mainiacjoe_overflow_two_lobes,
          minmay_temple_entry_sparse_star, ebering_ghost_rock_garden,
          hangedman_abyss_or_decor_passed, dreamdust_gnoll_farm
D:5:      layout_basic, gammafunk_ghost_abyssal_escape, uniq_pikel
D:6:      layout_loops_cross, mainiacjoe_overflow_24_doors, lemuel_tele_altar,
          serial_glass, glass_columns_a, glass_columns_a, uniq_menkaure
D:7:      layout_loops_ring, xom_teletrap_fun, mainiacjoe_overflow_alcove_4,
          serial_glass, glass_columns_c, glass_columns_a, glass_columns_b,
          glass_columns_b, glass_columns_a, glass_columns_a, glass_columns_a,
          glass_columns_a, due_unseen_surprise, item_on_display_a,
          item_on_display_a, feat_on_display, kennysheep_small_circle,
          uniq_joseph
D:8:      layout_gridville, due_unseen_surprise
Temple:   nicolae_temple_bog_church

Skill      XL: |  1  2  3  4  5  6  7 |
---------------+----------------------+-----
Stealth        | 2 3 4 5 |  5.8
Fighting       | 2 3 4 |  4.0
Dodging        | 3 4 5 |  5.7
Ranged Weapons | 6 7 8 |  8.0

Action                   |  1- 3 |  4- 6 |  7- 9 || total
-------------------------+-------+-------+-------++-------
 Fire: Shortbow          |   120 |   129 |    72 ||   321
  Use: Scroll            |       |     7 |       ||     7
       Potion            |       |     1 |     1 ||     2
Armor: Leather armour    |    19 |    17 |     7 ||    43
Dodge: Dodged            |    36 |    75 |    23 ||   134
